 Dungeon Crawl Stone Soup version 0.28-a0-662-g1651b1f1e0 (webtiles) character file.

Game seed: 9472906208114770265

732 cheechan the Cudgeller (level 7, -2/49 HPs)
             Began as an Octopode Berserker on Oct 14, 2021.
             Was a Believer of Trog.
             Slain by a killer bee (7 damage)
             ... on level 8 of the Dungeon.
             The game lasted 00:12:47 (3993 turns).

cheechan the Cudgeller (Octopode Berserker)         Turns: 3993, Time: 00:12:48

Health: -2/49      AC:  1    Str: 16    XL:     7   Next: 73%
Magic:  7/7        EV: 15    Int: 10    God:    Trog [**....]
Gold:   222        SH:  0    Dex: 17    Spells: 6/6 levels left

rFire   + . .      SeeInvis +   r - +9 mace "Poxkonue" {drain, rN+ Dex+4 SInv}
rCold   . . .      Faith    .   (no shield)
rNeg    + . .      Spirit   .   (helmet restricted)
rPois   .          Reflect  .   (no amulet)
rElec   .          Harm     .   h - ring of protection from fire
rCorr   .          Rampage  .   (no ring)
Will    .....                   (no ring)
Stlth   ++++......              (no ring)
HPRegen 0.16/turn               (no ring)
MPRegen 0.10/turn               (no ring)
                                (no ring)
                                (no ring)

@: on berserk cooldown, slowed, very slow
A: almost no armour, amphibious, 8 rings, camouflage 1, gelatinous body 1,
(nimble swimmer 1), tentacles
a: Renounce Religion, Berserk, Trog's Hand


You were on level 8 of the Dungeon.
You worshipped Trog.
Trog was pleased with you.
You visited 1 branch of the dungeon, and saw 6 of its levels.

You collected 222 gold pieces.

Inventory:

Hand Weapons
 a - a +0 mace
 d - a +0 flail
 i - a +0 whip
 k - a +0 scythe
 n - a +2 whip of pain
 p - a +2 mace of protection
 q - a +2 vampiric short sword
 r - the +9 mace "Poxkonue" (weapon) {drain, rN+ Dex+4 SInv}
   (You found it on level 8 of the Dungeon)

   A truly terrible weapon, it drains the life of any living foe it strikes.
   Dex:       It affects your dexterity (+4).
   rN:        It protects you from negative energy.
   SInv:      It lets you see invisible.
 s - a +0 hand crossbow
Missiles
 b - 119 stones
 c - 60 bolts
 f - 40 arrows
 j - 56 sling bullets
 o - 25 poisoned darts (quivered)
Jewellery
 h - a ring of protection from fire (left tentacle)
Scrolls
 l - a scroll of blinking
Potions
 g - 3 potions of heal wounds {unknown}
 m - a potion of brilliance {unknown}


   Skills:
 + Level 4.3 Fighting
 + Level 6.1 Maces & Flails
 + Level 1.3 Polearms
 + Level 4.4 Dodging
 + Level 5.3 Stealth


You had 6 spell levels left.
You didn't know any spells.
Your spell library was empty.

Dungeon Overview and Level Annotations

Branches:
Dungeon (5/15)
 Temple: D:4-7

Altars:


Innate Abilities, Weirdness & Mutations

You cannot wear most types of armour.
You are amphibious.
You can wear up to eight rings at the same time.
Your skin changes colour to match your surroundings (Stealth+).
Your rubbery body absorbs attacks. (AC +1, EV +1)
((You are camouflaged near water. (Stealth+)))
You have tentacles for arms and can constrict up to eight enemies at once.


Message History

Trog accepts your kill.
You feel sick. The killer bee stings you.
An orc priest comes into view. It is wielding a +0 club.
Your Maces & Flails skill increases to level 6!
You miss the killer bee. Your grab misses the killer bee.
The killer bee misses you.
You completely miss the killer bee. You grab the killer bee.
You constrict the killer bee.
You feel sick. The killer bee closely misses you. The killer bee stings you!
You bludgeon the killer bee!!
You kill the killer bee!
Trog accepts your kill.
You feel sick. The killer bee stings you!
* * * LOW HITPOINT WARNING * * *
You completely miss the killer bee. Your grab misses the killer bee.
You feel sick.
You are no longer poisoned.
An orc warrior comes into view. It is wielding a +0 halberd.
The killer bee closely misses you.
You barely miss the killer bee.
The orc warrior shouts!
Your grab misses the killer bee. Your squeeze misses the killer bee.
You are no longer berserk.
You are exhausted.
You feel yourself slow down. The killer bee barely misses you.
An orc comes into view. It is wielding a +0 mace.
The killer bee stings you.
* * * LOW HITPOINT WARNING * * *
You are lethally poisoned!
The killer bee poisons you!
You feel better. The killer bee closely misses you.
The killer bee barely misses you. x2
The killer bee stings you.
* * * LOW HITPOINT WARNING * * *
The killer bee stings you.
* * * LOW HITPOINT WARNING * * *
The killer bee misses you.
There is a stone staircase leading down here.
The killer bee stings you!
You die...

..# #.#
###########
#.####..........
#.##.'..........
#.##.#..........
#....#...#####..
#....#...#
#@...#...#
#y.###...#
oy#####...#
...o#.......#
#.##.#.......# #
#.#.......#
###...#####
#...# #...#


You could see an orc warrior and 2 killer bees.

Vanquished Creatures
  Sigmund (D:4)
  A black bear (D:4)
  A phantom (D:4)
  A scorpion (D:4)
  4 killer bees (D:8)
  A wight (D:8)
  A hound (D:4)
  5 adders
  A white imp (D:8)
  7 orcs
  8 ball pythons
  6 endoplasms
  4 giant cockroaches (D:1)
  3 goblins
  3 hobgoblins
  2 jackals (D:1)
  9 kobolds
  A quokka (D:2)
  5 bats
  2 frilled lizards
66 creatures vanquished.

Vanquished Creatures (others)
  3 plants (D:1)
3 creatures vanquished.

Grand Total: 69 creatures vanquished

Notes
Turn   | Place    | Note
-------+----------+-------------------------------------------
     0 | D:1      | cheechan the Octopode Berserker began the quest for the
                  | Orb.
     0 | D:1      | Reached XP level 1. HP: 16/16 MP: 1/1
   356 | D:1      | Reached XP level 2. HP: 21/21 MP: 2/2
   379 | D:1      | Found a faded altar of an unknown god.
  1285 | D:2      | Reached XP level 3. HP: 21/26 MP: 3/3
  1583 | D:2      | Reached skill level 1 in Stealth
  1589 | D:2      | Reached XP level 4. HP: 15/31 MP: 4/4
  1957 | D:3      | Reached ** piety under Trog
  2901 | D:4      | Noticed Sigmund
  2911 | D:4      | Killed Sigmund
  2912 | D:4      | Reached skill level 4 in Maces & Flails
  2912 | D:4      | Reached XP level 5. HP: 24/37 MP: 5/5
  2912 | D:4      | Reached XP level 6. HP: 28/43 MP: 6/6
  3138 | D:4      | Reached skill level 5 in Maces & Flails
  3368 | D:4      | Noticed a black bear
  3376 | D:4      | Killed a black bear
  3377 | D:4      | Reached XP level 7. HP: 43/48 MP: 7/7
  3794 | D:5      | Entered Level 5 of the Dungeon
  3795 | D:5      | You fall into a shaft and drop 3 floors!
  3810 | D:8      | Reached skill level 1 in Polearms
  3953 | D:8      | Identified the +9 mace "Poxkonue" {drain, rN+ Dex+4 SInv}
  3980 | D:8      | Reached skill level 5 in Stealth
  3986 | D:8      | Reached skill level 6 in Maces & Flails
  3993 | D:8      | Slain by a killer bee

Illustrated notes

Levels and vault maps discovered:
D:1:      psy_arrival_conway, layout_basic, hellmonk_ecumenical_altar_dog_temple
D:2:      kb_forest_paths, layout_basic
D:3:      layout_basic, minmay_misc_feat_chi
D:4:      layout_loops_ring, serial_shops, nicolae_square_shop, uniq_sigmund
D:5:      layout_basic, grunt_ministairs_4, uniq_edmund
D:8:      kennysheep_blocky_hall, layout_rooms, kennysheep_pointless_box,
          uniq_erica

Skill      XL: |  1  2  3  4  5  6  7 |
---------------+----------------------+-----
Stealth        | 1 3 4 5 |  5.3
Maces & Flails | 4 5 6 |  6.1
Dodging        | 4 |  4.4
Fighting       | 4 |  4.3
Polearms       | 1 |  1.3

Action                   |  1- 3 |  4- 6 |  7- 9 || total
-------------------------+-------+-------+-------++-------
Melee: Mace              |    13 |       |    20 ||    33
       Tentacles         |    11 |     9 |     7 ||    27
       Flail             |    44 |    38 |    10 ||    92
       Constrict         |    14 |     9 |     4 ||    27
       Scythe            |       |    14 |       ||    14
Invok: Berserk           |     1 |       |     3 ||     4
  Use: Scroll            |       |     4 |       ||     4
       Potion            |       |       |     2 ||     2
 Stab: Sleeping          |     4 |     6 |       ||    10
Armor: Skin              |     8 |     4 |     2 ||    14
Dodge: Dodged            |    61 |    45 |    30 ||   136

Table legend: (Time is in decaauts)
 A = Elapsed time spent in this place.
 B = Non-inter-level travel time spent in this place.
 C = Inter-level travel time spent in this place.
 D = Time resting spent in this place.
 E = Time spent auto-exploring this place.
 F = Levels seen in this place.
 G = Mean time per level.
                   A        B        C        D        E       F      G
               +--------+--------+--------+--------+--------+-----+--------+
         Total |   4049 |   4049 |      0 |   1266 |      0 |   6 |  674.8 |
       Dungeon |   4049 |   4049 |      0 |   1266 |      0 |   6 |  674.8 |
               +--------+--------+--------+--------+--------+-----+--------+

Top non-repeatable levels by time:
     D:1: 1285 daAuts
     D:4: 1072 daAuts
     D:3: 795 daAuts
     D:2: 691 daAuts
     D:8: 204 daAuts
     D:5: 0 daAuts
